 Dungeon Crawl Stone Soup version 0.22.0-49-gab54619674 (webtiles) character file.

55 Morbidden the Ruffian (level 3, -1/54 HPs)
             Began as a Troll Berserker on Sept 3, 2018.
             Was a Believer of Trog.
             Slain by an orc warrior
             ... wielding a +0 battleaxe
              (17 damage)
             ... on level 2 of the Dungeon.
             The game lasted 00:02:22 (654 turns).

Morbidden the Ruffian (Troll Berserker)              Turns: 654, Time: 00:02:22

Health: -1/54      AC:  6    Str: 31    XL:     3   Next: 67%
Magic:  2/2        EV: 10    Int:  3    God:    Trog [**....]
Gold:   82         SH:  0    Dex:  9    Spells: 2/2 levels left

rFire    . . .     SeeInvis .     - Unarmed
rCold    . . .     Gourm    +   (no shield)
rNeg     . . .     Faith    .   a - +0 animal skin
rPois    .         Spirit   .   (helmet restricted)
rElec    .         Reflect  .   g - +0 cloak (curse)
rCorr    .         Harm     .   (gloves unavailable)
MR       .....                  (boots unavailable)
Stlth    ..........             (no amulet)
HPRegen  0.58/turn              (no ring)
MPRegen  0.08/turn              (no ring)

@: berserking, starving, very quick
A: large, unfitting armour, claws 3, fast metabolism 3, gourmand, regeneration
1, shaggy fur 1, tough skin 2
a: Berserk, Trog's Hand, Renounce Religion


You were on level 2 of the Dungeon.
You worshipped Trog.
Trog was pleased with you.
You were starving.

You visited 1 branch of the dungeon, and saw 2 of its levels.

You collected 82 gold pieces.

Inventory:

Missiles
 e - 69 stones (quivered)
 l - 3 steel javelins
Armour
 a - a +0 animal skin (worn)
 g - a cursed +0 cloak (worn)
Scrolls
 c - a scroll of teleportation {unknown}
 d - a scroll of identify
 j - a scroll of blinking {unknown}
 k - a scroll of remove curse {unknown}
Potions
 f - a potion of lignification
 h - a potion of heal wounds {unknown}
 i - 2 potions of invisibility
Comestibles
 b - 4 rations


   Skills:
 + Level 2.5 Fighting
 + Level 2.6 Dodging
 * Level 4.3 Unarmed Combat


You had 2 spell levels left.
You didn't know any spells.
Your spell library was empty.

Dungeon Overview and Level Annotations

Branches:
Dungeon (2/15)

Altars:
Ashenzari
Hepliaklqana


Innate Abilities, Weirdness & Mutations

You are too large for most types of armour.
You have claws for hands.
Your metabolism is lightning-fast.
You like to eat raw meat.
Your natural rate of healing is unusually fast.
You are covered in fur. (AC +1)
You have very tough skin. (AC +2)


Message History

An orc comes into view. It is wielding a hand axe.
The orc throws a tomahawk.
The tomahawk closely misses you.
Unknown command.
You see here a tomahawk.
You barely miss the orc warrior.
The orc warrior hits you with a battleaxe!
You scratch the orc warrior.
The orc warrior is lightly wounded.
You barely miss the orc warrior.
The orc warrior is lightly wounded.
The orc warrior hits you with a battleaxe!
You are too injured to fight recklessly!
You are too injured to fight recklessly!
You are too injured to fight recklessly!
Unknown command.
A red film seems to cover your vision as you go berserk!
You feel yourself moving faster!
You feel mighty!
You are starving!
The orc warrior hits you with a battleaxe!
You die...

#..........##
#.#######.... .#
.. ## #..## #. #
#####..## #.
+_+.....# #.
###...# # ##.##
#....
##.#...#####..##
#...#
##....#oo@%......
.....
#....ghg#####....
##..# ......h## #
#..# #...... ..#
##...#. .......
.... .. ... ...
... ...


You could see an orc warrior, an orc, 2 jackals and 2 goblins.

Vanquished Creatures
  An adder (D:2)
  3 dart slugs (D:1)
  3 bats (D:1)
  5 giant cockroaches
  2 goblins
  3 hobgoblins
  5 jackals (D:2)
  10 kobolds
  4 rats (D:1)
36 creatures vanquished.

Notes
Turn   | Place    | Note
-------+----------+-------------------------------------------
     0 | D:1      | Morbidden the Troll Berserker began the quest for the Orb.
     0 | D:1      | Reached XP level 1. HP: 22/22 MP: 0/0
    52 | D:1      | Reached XP level 2. HP: 29/29 MP: 1/1
   213 | D:1      | Reached skill level 4 in Unarmed Combat
   243 | D:1      | Reached XP level 3. HP: 36/36 MP: 2/2
   248 | D:1      | Reached ** piety under Trog
   494 | D:2      | Found a hazy altar of Hepliaklqana.
   602 | D:2      | Found a shattered altar of Ashenzari.
   647 | D:2      | Noticed an orc warrior
   654 | D:2      | Slain by an orc warrior

Skill      XL: |  1  2 |
---------------+-------+-----
Unarmed Combat | 4 |  4.3
Fighting       | |  2.5
Dodging        | |  2.6

Action                   || total
-------------------------++-------
Melee: Unarmed           ||    94
       Punch             ||     2
Throw: Stone             ||     4
Invok: Berserk           ||     1
  Use: Scroll            ||     2
  Eat: Chunk             ||     2
Armor: Animal skin       ||    44
Dodge: Dodged            ||    50
